 Dungeon Crawl Stone Soup version 0.24-a0-464-g6b2be6b8c7 (webtiles) character file.

Game seed: 671632976792771122

1122 Bikalo the Ruffian (level 8, -2/72 HPs)
             Began as a Naga Transmuter on July 4, 2019.
             Was an Elder of Cheibriados.
             Slain by Pikel
             ... wielding a +2 whip of flaming
              (5 damage)
             ... on level 5 of the Dungeon.
             The game lasted 00:20:02 (7114 turns).

Bikalo the Ruffian (Naga Transmuter)                Turns: 7114, Time: 00:20:03

Health: -2/72      AC:  8    Str: 22    XL:     8   Next: 35%
Magic:  8/11       EV: 12    Int: 23    God:    Cheibriados [****..]
Gold:   188        SH:  0    Dex: 20    Spells: 4/11 levels left

rFire    . . .     SeeInvis +     - Unarmed
rCold    . . .     Gourm    .   (no shield)
rNeg     . . .     Faith    .   b - +0 robe
rPois    +         Spirit   .   (no helmet)
rElec    .         Reflect  .   n - +0 cloak
rCorr    .         Harm     .   (no gloves)
MR       +....                  (no barding)
Stlth    ++........             (no amulet)
HPRegen  0.00/turn              (no ring)
MPRegen  0.12/turn              (no ring)

@: very slightly contaminated, invisible, very slow
A: large, molten scales 1, yellow scales 1, see invisible, deformed body, dopey
1, poison resistance, slowness 2, inhibited regeneration, slow metabolism 1,
spit poison 1, AC +2
a: Spit Poison, Bend Time, Temporal Distortion, Slouch, Renounce Religion


You were on level 5 of the Dungeon.
You worshipped Cheibriados.
Cheibriados was greatly pleased with you.
You were hungry.

You visited 1 branch of the dungeon, and saw 5 of its levels.

You collected 188 gold pieces.

Inventory:

Missiles
 a - 22 arrows
Armour
 b - a +0 robe (worn)
 n - a +0 cloak (worn)
 v - a +0 cloak
Jewellery
 l - an uncursed amulet of the acrobat {unknown}
Scrolls
 f - 7 scrolls of identify
 j - 4 scrolls of teleportation
 o - 2 scrolls of remove curse
 q - 3 scrolls of amnesia
 s - a scroll of magic mapping
Potions
 e - a potion of heal wounds
 g - a potion of cancellation {unknown}
 h - 3 potions of agility {unknown}
 i - a potion of resistance {unknown}
 k - 2 potions of mutation
 m - 2 potions of lignification {unknown}
 p - a potion of brilliance {unknown}
 r - a potion of magic {unknown}
 t - a potion of might {unknown}
 u - 2 potions of flight {unknown}
 w - a potion of haste {unknown}
Comestibles
 d - 7 rations


   Skills:
 + Level 4.3 Fighting
 + Level 3.8 Dodging
 * Level 6.7 Unarmed Combat
 - Level 2.0 Spellcasting
 + Level 4.6 Transmutations


You had 4 spell levels left.
You knew the following spells:

 Your Spells              Type           Power        Failure   Level  Hunger
a - Blade Hands           Tmut           ###.......   47%         5    ######.
b - Sticks to Snakes      Tmut           ###.....     3%          2    ##.....

Your spell library contained the following spells:

 Spells                   Type           Power        Failure   Level  Hunger
 Beastly Appendage        Tmut           ###...       1%          1    #......
 Corona                   Hex            #......      13%         1    #......
 Spider Form              Tmut/Pois      ##........   16%         3    ###....
 Slow                     Hex            #.......     19%         2    ##.....
 Inner Flame              Hex/Fire       #.......     36%         3    ###....
 Portal Projectile        Hex/Tloc       #.....       36%         3    ###....
 Ice Form                 Ice/Tmut       ##......     45%         4    #####..
 Cause Fear               Hex            #.........   77%         4    #####..
 Leda's Liquefaction      Hex/Erth       #.........   77%         4    #####..


Dungeon Overview and Level Annotations

Branches:
Dungeon (5/15)
 Temple: D:4-7

Altars:
Cheibriados
Elyvilon
Makhleb
Qazlal
Ru
Trog
Vehumet
Wu Jian
Xom
The Shining One

Annotations:
D:5 Pikel


Innate Abilities, Weirdness & Mutations

You cannot wear boots.
Your serpentine skin is tough. (AC +2)
You have supernaturally acute eyesight. (SInv)
Armour fits poorly on your strangely shaped body.
Your system is resistant to poisons. (rPois)
You cover ground very slowly.
You have a slow metabolism.
You can spit poison.
You are partially covered in molten scales. (AC +2)
You are partially covered in yellow scales. (AC +2)
You are dopey. (Int -2)
You do not regenerate when monsters are visible.


Message History

Your ball python bites the slave but does no damage.
Your ball python constricts the slave.
The slave hits you.
The slave struggles to escape constriction.
Your ball python loses its grip on the slave.
The slave hits your ball python.
Your ball python dies!
You fade into invisibility!
The slave misses you. Pikel barely misses you.
You are very lightly contaminated with residual magic.
The slave misses you.
Pikel says, "You'll fetch a fair price!"
Pikel hits you with a +2 whip of flaming!
* * * LOW HITPOINT WARNING * * *
Pikel burns you.
* * * LOW HITPOINT WARNING * * *
Pikel says, "You'll feel the lick of my whip!"
Pikel hits you with a +2 whip of flaming!
* * * LOW HITPOINT WARNING * * *
Pikel burns you.
You die...

..########.#....#..........*
..######...<...............*
....#.##.....#.#.##..>.....***
..#.........##*#..#.........,*
#.##...##....# #.......##...**
#.##....##...####........#,**
..##...........##p......#.,,*
..###.###...#...#Kp..####*,**
...#..#.)...##..@p..## *,*
...........##..)..### ***
...........o....#.#
..........#(....###
..##......##...##
######..........# ##....(....#
#...#.#..### ##.##.#.<#


You could see Pikel, 3 slaves and an orc priest (wandering).

Vanquished Creatures
  The ghost of Lexodia the Charmwright, a novice GnSk of Makhleb (D:4)
  A slave (D:4)
  An ogre (D:4)
  A scorpion (D:4)
  2 orc priests
  A bullfrog skeleton (D:5)
  3 hounds
  2 iguanas (D:4)
  2 centaur skeletons (D:4)
  4 orc wizards
  3 worker ants (D:4)
  A hound skeleton (D:4)
  A howler monkey zombie (D:5)
  3 gnolls (D:3)
  13 adders
  A shadow imp (D:5)
  An adder skeleton (D:4)
  4 worms
  2 dart slugs
  4 leopard geckos
  20 orcs
  5 giant cockroaches
  2 goblins
  11 hobgoblins
  6 jackals
  A quokka (D:5)
  6 bats
  6 frilled lizards
  8 kobolds
  10 rats
126 creatures vanquished.

Vanquished Creatures (collateral kills)
  A hound skeleton (D:5)
  A leopard gecko (D:4)
  3 orcs
  A goblin (D:3)
  A hobgoblin (D:3)
  A jackal (D:3)
  A frilled lizard (D:5)
9 creatures vanquished.

Vanquished Creatures (others)
  A scorpion (D:4)
  A worker ant (D:4)
  3 adders (D:4)
  A ball python (D:4)
  A jackal (D:4)
  A ball python skeleton (D:4)
8 creatures vanquished.

Grand Total: 143 creatures vanquished

Notes
Turn   | Place    | Note
-------+----------+-------------------------------------------
     0 | D:1      | Bikalo the Naga Transmuter began the quest for the Orb.
     0 | D:1      | Reached XP level 1. HP: 18/18 MP: 3/3
   459 | D:1      | Reached XP level 2. HP: 22/25 MP: 3/5
   788 | D:1      | Learned a level 2 spell: Sticks to Snakes
  1222 | D:2      | Reached XP level 3. HP: 23/31 MP: 4/6
  1268 | D:2      | Found a snail-covered altar of Cheibriados.
  1274 | D:2      | Became a worshipper of Cheibriados the Contemplative
  1492 | D:2      | Reached XP level 4. HP: 37/39 MP: 5/7
  1729 | D:2      | Found a bloodstained altar of Trog.
  1739 | D:2      | Found a white marble altar of Elyvilon.
  1774 | D:2      | Found a stormy altar of Qazlal.
  1816 | D:2      | Found a radiant altar of Vehumet.
  1935 | D:2      | Found a glowing golden altar of the Shining One.
  1985 | D:3      | Reached skill level 4 in Unarmed Combat
  1988 | D:3      | Reached * piety under Cheibriados
  2361 | D:3      | Reached XP level 5. HP: 45/45 MP: 6/8
  2557 | D:3      | Reached ** piety under Cheibriados
  3829 | D:3      | Learned a level 5 spell: Blade Hands
  4288 | D:4      | Found a shimmering altar of Xom.
  4306 | D:4      | Noticed an ogre
  4930 | D:4      | Reached XP level 6. HP: 47/55 MP: 9/9
  5158 | D:4      | Reached skill level 5 in Unarmed Combat
  5198 | D:4      | Found an ornate altar of the Wu Jian Council.
  5354 | D:4      | Reached *** piety under Cheibriados
  5490 | D:4      | Reached XP level 7. HP: 35/62 MP: 6/10
  5580 | D:4      | Gained mutation: You are dopey. (Int -2) [potion of
                  | mutation]
  5580 | D:4      | Gained mutation: You do not regenerate when monsters are
                  | visible. [potion of mutation]
  5580 | D:4      | Gained mutation: You are partially covered in yellow
                  | scales. (AC +2) [potion of mutation]
  5580 | D:4      | Gained mutation: You are partially covered in molten
                  | scales. (AC +2) [potion of mutation]
  5752 | D:4      | Found a sacrificial altar of Ru.
  5994 | D:4      | Found a runed translucent door.
  5997 | D:4      | Noticed Lexodia's ghost (novice GnSk)
  6050 | D:4      | Killed Lexodia's ghost
  6050 | D:4      | Reached skill level 6 in Unarmed Combat
  6050 | D:4      | Reached XP level 8. HP: 28/72 MP: 5/11
  6428 | D:5      | Entered Level 5 of the Dungeon
  6470 | D:5      | Noticed Pikel
  6743 | D:5      | Reached **** piety under Cheibriados
  6892 | D:5      | Found a burning altar of Makhleb.
  7114 | D:5      | HP: 3/72 [Pikel/+2 whip of flaming (11)]
  7114 | D:5      | Slain by Pikel

Levels and vault maps discovered:
D:1:      dpeg_arrival_tiny_a, layout_loops_corners
D:2:      layout_loops_ring, tso_oasis_becter, nicolae_overflow_hidden_temple,
          nicolae_overflow_quartered_altars, first_ration
D:3:      layout_loops_cross, kennysheep_generic_room_9
D:4:      layout_cave_pods, lemuel_round_altar, nicolae_ru_sacrificial_ziggurat,
          ebering_ghost_reflecting_pool, serial_park_tiny_1, xom_confusion_cloud
D:5:      layout_cave_pools, bloody_makhleb, portal_sewer_entry_f, serial_bayou,
          serial_bayou_pond_c, serial_bayou_pond_e, serial_bayou_pond_e,
          serial_bayou_pond_e, uniq_pikel

Skill      XL: |  1  2  3  4  5  6  7  8 |
---------------+-------------------------+-----
Dodging        | 2 3 |  3.8
Unarmed Combat | 4 5 6 |  6.7
Fighting       | 2 3 4 |  4.3
Transmutations | 3 4 |  4.6
Spellcasting   | |  2.0

Action                   |  1- 3 |  4- 6 |  7- 9 || total
-------------------------+-------+-------+-------++-------
Melee: Unarmed           |    85 |   177 |   212 ||   474
       Headbutt          |     5 |    11 |       ||    16
       Punch             |     2 |     3 |     7 ||    12
 Cast: Beastly Appendage |    18 |    16 |       ||    34
       Sticks to Snakes  |       |    10 |    15 ||    25
Invok: Bend Time         |       |     1 |       ||     1
 Abil: Spit Poison       |     3 |    18 |     5 ||    26
  Use: Scroll            |       |     5 |     5 ||    10
       Potion            |       |       |     3 ||     3
 Stab: Sleeping          |       |     1 |       ||     1
       Distracted        |       |       |     1 ||     1
  Eat: Chunk             |     1 |     9 |     1 ||    11
       Ration            |       |       |     1 ||     1
Armor: Robe              |    12 |    40 |    93 ||   145
Dodge: Dodged            |    38 |   122 |   138 ||   298

Table legend:
 A = Non-vault XP
 B = Vault XP
 C = Vault XP percentage of total XP
 D = Non-vault monster count
 E = Vault monster count
 F = Vault count percentage of total count
                 A         B        C        D         E       F
            +---------+---------+-------+---------+---------+-------
      Total |    1253 |     350 |  21.8 |     126 |       8 |   6.0
            +---------+---------+-------+---------+---------+-------
        D:1 |      17 |       0 |   0.0 |      11 |       0 |   0.0
        D:2 |      95 |       0 |   0.0 |      22 |       0 |   0.0
        D:3 |     166 |       1 |   0.6 |      38 |       1 |   2.6
        D:4 |     664 |     337 |  33.7 |      28 |       2 |   6.7
        D:5 |     311 |      12 |   3.7 |      27 |       5 |  15.6
            +---------+---------+-------+---------+---------+-------
